Unix NetHack Version 5.0.0-0 post-release - last build Jul 19 2026 19:10:59 (3aa4ab31751d3886436d94b585a96704892fd477,branch:main).

Game began 2026-07-20 08:31:19, ended 2026-07-20 08:43:16.

Jandor, neutral male human Wizard

                                                                      ---
                                                                    ---.--
                                                               ---- |<...----
                                                              --..| |.......--
                                                              |...| |........|
                                                              --..---`.--....|
                                                               |.......--...--
                                                               ---..**......|
                                                                 ---.......-|
                                                                   -----....--
                                                                       --....|
                                                                        ---..--
                                                            |            --...|
                                                       #.  --.------------...--
                                                      --..##..|h..........*..|
                                                      -.....h.@.-------......|
                                                     |........---   --.......|
                                                     --.. |..-      |......---
                                                      |   ---       ---.|.--
                                                                      -----
Jandor the Evoker         St:8 Dx:12 Co:15 In:16 Wi:10 Ch:14  Neutral
Dlvl:3  $:0  HP:0(12) Pw:8(8) AC:9  Xp:1 T:165 

Latest messages:
 The kitten drops a yellowish brown gem.
 It's a wall.
 It's a wall.
 It's a wall.
 It's a wall.
 The kitten picks up a yellowish brown gem.
 You see here a yellow spellbook.
 q - a yellow spellbook.
 It's a wall.
 It's a wall.
 The kitten drops a yellowish brown gem.
 It's a wall.
 Are you waiting to get hit?  Use 'm' prefix to force a no-op (to rest).
 Are you waiting to get hit?  Use 'm' prefix to force a no-op (to rest).
 Are you waiting to get hit?  Use 'm' prefix to force a no-op (to rest).
 Are you waiting to get hit?  Use 'm' prefix to force a no-op (to rest).
 Are you waiting to get hit?  Use 'm' prefix to force a no-op (to rest).
 Are you waiting to get hit?  Use 'm' prefix to force a no-op (to rest).
 Are you waiting to get hit?  Use 'm' prefix to force a no-op (to rest).
 Are you waiting to get hit?  Use 'm' prefix to force a no-op (to rest).
 Are you waiting to get hit?  Use 'm' prefix to force a no-op (to rest).
 Are you waiting to get hit?  Use 'm' prefix to force a no-op (to rest).
 Are you waiting to get hit?  Use 'm' prefix to force a no-op (to rest).
 Are you waiting to get hit?  Use 'm' prefix to force a no-op (to rest).
 Are you waiting to get hit?  Use 'm' prefix to force a no-op (to rest).
 Are you waiting to get hit?  Use 'm' prefix to force a no-op (to rest).
 You already found a monster.  Use 'm' prefix to force another search.
 Are you waiting to get hit?  Use 'm' prefix to force a no-op (to rest).
 Are you waiting to get hit?  Use 'm' prefix to force a no-op (to rest).
 Are you waiting to get hit?  Use 'm' prefix to force a no-op (to rest).
 Are you waiting to get hit?  Use 'm' prefix to force a no-op (to rest).
 Are you waiting to get hit?  Use 'm' prefix to force a no-op (to rest).
 Are you waiting to get hit?  Use 'm' prefix to force a no-op (to rest).
 Are you waiting to get hit?  Use 'm' prefix to force a no-op (to rest).
 Are you waiting to get hit?  Use 'm' prefix to force a no-op (to rest).
 Are you waiting to get hit?  Use 'm' prefix to force a no-op (to rest).
 Are you waiting to get hit?  Use 'm' prefix to force a no-op (to rest).
 Are you waiting to get hit?  Use 'm' prefix to force a no-op (to rest).
 Are you waiting to get hit?  Use 'm' prefix to force a no-op (to rest).
 Are you waiting to get hit?  Use 'm' prefix to force a no-op (to rest).
 The dwarf throws a dagger!
 You are hit by a dagger.
 The dwarf swings his broad pick.
 The dwarf hits!
 You die...
 Do you want your possessions identified? [ynq] (y) n
 Do you want to see your attributes? [ynq] (y) n
 Do you want an account of creatures vanquished? [ynaq] (y) n
 Do you want to see your conduct and achievements? [ynq] (y) n
 Do you want to see the dungeon overview? [ynq] (y) n

Inventory:
 Weapons  (')')
  a - a blessed +1 quarterstaff (weapon in hands)
 Armor    ('[')
  b - an uncursed +0 cloak of magic resistance (being worn)
 Scrolls  ('?')
  k - an uncursed scroll of create monster
  i - an uncursed scroll of enchant armor
  j - an uncursed scroll of scare monster
 Spellbooks  ('+')
  q - an uncursed spellbook of dig
  l - a blessed spellbook of force bolt
  m - an uncursed spellbook of healing
  p - an uncursed spellbook of protection
 Potions  ('!')
  g - an uncursed potion of booze
  f - an uncursed potion of gain ability
  h - a blessed potion of gain level
 Rings    ('=')
  d - an uncursed ring of conflict
  e - an uncursed +3 ring of increase damage
 Wands    ('/')
  o - a wand of opening (0:7)
  c - a wand of sleep (0:8)
 Tools    ('(')
  n - a magic marker (0:21)

Jandor the Wizard's attributes:

Background:
 You were an Evoker, a level 1 male human Wizard.
 You were neutral, on a mission for Thoth
 who was opposed by Ptah (lawful) and Anhur (chaotic).
 You were right-handed.
 You were in the Gnomish Mines, on level 3.
 You entered the dungeon 165 turns ago.
 You had 8 experience points, 12 more were needed to attain level 2.

Basics:
 You had 0 out of 12 hit points.
 You had all 8 energy points (spell power).
 Your armor class was 9.
 Your wallet was empty.
 Autopickup was off.

Final Characteristics:
 Your strength was 8 (limit:18/100).
 Your dexterity was 12 (limit:18).
 Your constitution was 15 (limit:18).
 Your intelligence was 16 (limit:18).
 Your wisdom was 10 (limit:18).
 Your charisma was 14 (limit:18).

Final Status:
 You weren't hungry.
 You were unencumbered.
 You were wielding a quarterstaff.
 You had basic skill with quarterstaff.

Final Attributes:
 You were aligned.
 You were warded.
 You are dead.

Miscellaneous:
 You didn't encounter any bones levels.
 Total elapsed playing time was 11 minutes and 53 seconds.

Major events:
 Turn
    1: Jandor the neutral male human Wizard entered the dungeon
   93: entered the Gnomish Mines
  165: killed by a dwarf

Spells:
 Name                 Level Category     Fail Retention
 force bolt             1   attack         0%  91%-100%
 healing                1   healing        0%  76%-100%

Skills:
 Fighting Skills
   bare handed combat [Unskilled]
   riding             [Unskilled]
 Weapon Skills
   dagger             [Unskilled]
   knife              [Unskilled]
   axe                [Unskilled]
   short sword        [Unskilled]
   club               [Unskilled]
   mace               [Unskilled]
   quarterstaff       [Basic]
   polearms           [Unskilled]
   spear              [Unskilled]
   trident            [Unskilled]
   sling              [Unskilled]
   dart               [Unskilled]
   shuriken           [Unskilled]
 Spellcasting Skills
   attack spells      [Basic]
   healing spells     [Unskilled]
   divination spells  [Unskilled]
   enchantment spells [Basic]
   clerical spells    [Unskilled]
   escape spells      [Unskilled]
   matter spells      [Unskilled]

Voluntary challenges:
 Character rerolling was not enabled.
 You went without food.
 You were an atheist.
 You were illiterate.
 You never genocided any monsters.
 You never polymorphed an object.
 You never changed form.
 You used no wishes.
Achievement:
 You entered the Gnomish Mines.

 The Dungeons of Doom: levels 1 to 2
    Level 1:
    Level 2:
       Stairs down to The Gnomish Mines.
 The Gnomish Mines:
    Level 3: <- You were here.
       Final resting place for
          you, killed by a dwarf.
 The Tutorial:
    Level 1:
       A tree.


Vanquished creatures:
  a gnome
  2 grid bugs
3 creatures vanquished.

No species were genocided or became extinct.

Game over:
                       ----------
                      /          \
                     /    REST    \
                    /      IN      \
                   /     PEACE      \
                  /                  \
                  |      Jandor      |
                  |       0 Au       |
                  |   killed by a    |
                  |      dwarf       |
                  |                  |
                  |                  |
                  |       2026       |
                 *|     *  *  *      | *
        _________)/\\_//(\/(/\)/\//\/|_)_______

Goodbye Jandor the Wizard...

You died in The Gnomish Mines on dungeon level 3 with 132 points,
and 0 pieces of gold, after 165 moves.
You were level 1 with a maximum of 12 hit points when you died.

